 Dungeon Crawl Stone Soup version 0.31.0-32-g396128a36d (webtiles) character file.

Game seed: 10982268592034170584

32 PaiMei the Grave Robber (level 3, -3/25 HPs)
             Began as a Demonspawn Necromancer on Apr 10, 2024.
             Slain by Sigmund
             ... wielding a +0 scythe
              (10 damage)
             ... on level 2 of the Dungeon.
             The game lasted 00:01:22 (1355 turns).

PaiMei the Grave Robber (Demonspawn Necromancer)    Turns: 1355, Time: 00:01:23

Health: -3/25      AC:  2    Str:  8    XL:     3   Next: 10%
Magic:  0/6        EV: 12    Int: 17    God:
Gold:   42         SH:  0    Dex: 13    Spells: 5/6 levels left

rFire   . . .        d - +0 mace
rCold   . . .        (no shield)
rNeg    . . .        a - +0 robe
rPois   .            (no helmet)
rElec   .            (no cloak)
rCorr   .            (no gloves)
SInv    .            (no boots)
Will    .....        (no amulet)
Stlth   ++           (no ring)
HPRegen 0.24/turn    (no ring)
MPRegen 0.10/turn

%: no passive effects
@: no status effects
A: demonic guardian 2
a: no special abilities


You were on level 2 of the Dungeon.
You visited 1 branch of the dungeon, and saw 2 of its levels.

You collected 42 gold pieces.

Inventory:

Hand Weapons
 c - a +0 dagger
 d - a +0 mace (weapon)
Armour
 a - a +0 robe (worn)
Wands
 l - a wand of mindburst (20)
Scrolls
 h - a scroll of amnesia {unknown}
 j - a scroll of identify {unknown}
Potions
 b - a potion of magic
 e - a potion of cancellation {unknown}
 f - 3 potions of heal wounds {unknown}
 g - a potion of might {unknown}
 i - 2 potions of haste {unknown}
 k - a potion of curing {unknown}
 m - a potion of mutation {unknown}


   Skills:
 + Level 0.8 Fighting
 + Level 2.2 Dodging
 - Level 2.0 Stealth
 + Level 2.3 Spellcasting
 + Level 4.6 Necromancy


You had 5 spell levels left.
You knew the following spells:

 Your Spells              Type           Power      Damage    Failure   Level
a - Necrotise             Necr           68%        1d7       2%          1

Your spell library contained the following spells:

 Spells                   Type           Power      Damage    Failure   Level
 Vampiric Draining        Necr           17%        2d7       9%          3
 Summon Small Mammal      Summ           8%         N/A       19%         1
 Animate Dead             Necr           17%        N/A       26%         4
 Call Canine Familiar     Summ           2%         N/A       50%         3
 Curse of Agony           Necr           17%        N/A       58%         5
 Summon Blazeheart Golem  Fire/Summ      2%         N/A       88%         4


Dungeon Overview and Level Annotations

Branches:
Dungeon (2/15)

Altars:

Annotations:
D:2 Sigmund


Innate Abilities, Weirdness & Mutations

A demonic guardian rushes to your aid.


Message History

Aim: Sigmund, wielding a +0 scythe and wearing a +0 robe (lightly wounded, chance to affect: 81%) Sigmund writhes in agony.
Sigmund barely misses you.
Casting: Necrotise (safe; 2% risk of failure)
Confirm with . or Enter, or press ? or * to list all spells.
Aiming: Necrotise (safe; 2% risk of failure)
Press: ? - help, Shift-Dir - straight line, f/p - Sigmund
Aim: Sigmund, wielding a +0 scythe and wearing a +0 robe (moderately wounded, chance to affect: 81%) Sigmund writhes in agony.
Sigmund points at you and mumbles some strange words.
The magic dart hits you.
* * * LOW HITPOINT WARNING * * *
Casting: Necrotise (safe; 2% risk of failure)
Confirm with . or Enter, or press ? or * to list all spells.
Aiming: Necrotise (safe; 2% risk of failure)
Press: ? - help, Shift-Dir - straight line, f/p - Sigmund
Aim: Sigmund, wielding a +0 scythe and wearing a +0 robe (heavily wounded, chance to affect: 81%) Sigmund writhes in agony.
Sigmund says, "You will soon forget everything."
Sigmund barely misses you.
Casting: Necrotise (safe; 2% risk of failure)
Confirm with . or Enter, or press ? or * to list all spells.
You don't have enough magic to cast this spell.
Casting: Necrotise (safe; 2% risk of failure)
Confirm with . or Enter, or press ? or * to list all spells.
You don't have enough magic to cast this spell.
Casting: Necrotise (safe; 2% risk of failure)
Confirm with . or Enter, or press ? or * to list all spells.
You don't have enough magic to cast this spell.
Casting: Necrotise (safe; 2% risk of failure)
Confirm with . or Enter, or press ? or * to list all spells.
You don't have enough magic to cast this spell.
You hit Sigmund.
Sigmund is severely wounded.
Sigmund hits you but does no damage.
Your magical contamination has completely faded away.
You hit Sigmund.
Sigmund is severely wounded.
Sigmund hits you with a +0 scythe!
You die...
Sigmund begins carving another notch in his scythe.

.##.# ##.....##
#.#####..# .##.#
####...## #.#
...#
###.###.....##
#.# ###<#
#.........# #.#
#.# ###.#...._..#
#.# #.#
....###.....##
#.. #####
#......####
###.....#.#####.#
##...#.#@@...$#
##.#.###.#####
####.# ## ..# ###


You could see Sigmund.

Vanquished Creatures
  2 dart slugs
  4 ball pythons
  2 endoplasms (D:1)
  3 goblins (D:1)
  A hobgoblin (D:1)
  3 jackals (D:2)
  A quokka (D:1)
  2 bats
  4 kobolds
  2 rats (D:1)
24 creatures vanquished.

Vanquished Creatures (collateral kills)
  An endoplasm (D:1)
  A frilled lizard (D:1)
2 creatures vanquished.

Grand Total: 26 creatures vanquished

Notes
Turn   | Place    | Note
-------+----------+-------------------------------------------
     0 | D:1      | PaiMei the Demonspawn Necromancer began the quest for the
                  | Orb.
     0 | D:1      | Reached XP level 1. HP: 13/13 MP: 3/3
   317 | D:1      | Gained mutation: A weak demonic guardian rushes to your
                  | aid. [demonic ancestry]
   317 | D:1      | Reached XP level 2. HP: 19/19 MP: 3/5
  1117 | D:2      | Gained mutation: A demonic guardian rushes to your aid.
                  | [demonic ancestry]
  1117 | D:2      | Reached XP level 3. HP: 25/25 MP: 0/6
  1245 | D:2      | Found a faded altar of an unknown god.
  1263 | D:2      | Noticed Sigmund
  1355 | D:2      | Slain by Sigmund

Illustrated notes

Levels and vault maps discovered:
D:1:      pf_arrival_petrified_forest, layout_basic
D:2:      layout_loops_corners, ebering_ecumenical_altar_sacrificial,
          uniq_robin, uniq_crazy_yiuf_cottage, uniq_sigmund

Skill      XL: |  1 |
---------------+----+-----
Dodging        | 2 |  2.2
Stealth        | 2 |  2.0
Fighting       | |  0.8
Spellcasting   | |  2.3
Necromancy     | |  4.6

Action                     || total
---------------------------++-------
  Melee: Dagger            ||     3
         Mace              ||    11
   Cast: Necrotise         ||    43
 Armour: Robe              ||    15
  Dodge: Dodged            ||    21
